 Dungeon Crawl Stone Soup version 0.30.0-29-ga12c61a403 (webtiles) character file.

Game seed: 7625842280618286498

546 Dadbod the Cudgeller (level 7, -9/54 HPs)
             Began as a Formicid Fighter on June 6, 2023.
             Killed from afar by an acid dragon (11 damage)
             ... with a splash of acid
             ... on level 5 of the Dungeon.
             The game lasted 00:09:15 (2861 turns).

Dadbod the Cudgeller (Formicid Fighter)             Turns: 2861, Time: 00:09:18

Health: -9/54      AC:  7    Str: 23    XL:     7   Next: 53%
Magic:  7/7        EV: 14    Int:  7    God:
Gold:   223        SH:  5    Dex: 13    Spells: 6/6 levels left

rFire   + . .        a - +0 flail
rCold   + . .        c - +0 buckler
rNeg    . . .        b - +0 scale mail
rPois   +            (helmet unavailable)
rElec   +            (no cloak)
rCorr   +            (no gloves)
SInv    +            (no boots)
Will    .....        (no amulet) Stlth
                     i - +5 ring of evasion
HPRegen 0.29/turn    (no ring)
MPRegen 0.10/turn

%: no passive effects
@: lethally poisoned (-9 -> -17), resistant
A: permanent stasis, dig shafts and tunnels, antennae 3, four strong arms
a: Dig, Shaft Self


You were on level 5 of the Dungeon.
You visited 1 branch of the dungeon, and saw 5 of its levels.

You collected 223 gold pieces.

Inventory:

Hand Weapons
 a - a +0 flail (weapon)
 x - a +1 heavy war axe
Missiles
 k - 8 poisoned darts (quivered)
Armour
 b - a +0 scale mail (worn)
 c - a +0 buckler (worn)
Jewellery
 i - a +5 ring of evasion (left hand)
 t - a ring of ice
Scrolls
 d - a scroll of acquirement {unknown}
 h - a scroll of fog {unknown}
 m - a scroll of amnesia {unknown}
 n - a scroll of poison
 r - a scroll of enchant armour {unknown}
 u - a scroll of enchant weapon {unknown}
 w - 2 scrolls of fear {unknown}
Potions
 f - a potion of brilliance
 l - a potion of flight {unknown}
 o - 2 potions of heal wounds {unknown}
 p - a potion of mutation {unknown}
 s - 2 potions of cancellation {unknown}
 v - a potion of berserk rage {unknown}
 z - a potion of lignification {unknown}


   Skills:
 + Level 4.1 Fighting
 * Level 5.7 Maces & Flails
 * Level 2.3 Throwing
 + Level 4.5 Armour
 + Level 0.7 Dodging
 + Level 0.2 Stealth
 + Level 4.8 Shields


You had 6 spell levels left.
You didn't know any spells.
Your spell library contained the following spells:

 Spells                   Type           Power      Damage    Failure   Level
 Lesser Beckoning         Tloc           0%         N/A       90%         2
 Sublimation of Blood     Necr           0%         N/A       90%         2
 Dazzling Flash           Conj/Hex       0%         N/A       99%         3
 Gell's Gravitas          Tloc           0%         N/A       99%         3
 Teleport Other           Tloc           0%         N/A       99%         3
 Volatile Blastmotes      Fire/Tloc      0%         2d10      99%         3
 Iskenderun's Mystic Bla  Conj/Tloc      0%         2d3       100%        4
 Petrify                  Tmut/Erth      0%         N/A       100%        4
 Irradiate                Conj/Tmut      0%         3d11      100%        5
 Starburst                Conj/Fire      0%         6d3       100%        6


Dungeon Overview and Level Annotations

Branches:
Dungeon (5/15)
 Temple: D:4-7

Altars:
Fedhas
Qazlal
Wu Jian


Innate Abilities, Weirdness & Mutations

You cannot be hasted, slowed, berserked, paralysed or teleported.
You can dig through walls and to a lower floor.
You have a pair of large antennae on your head. (SInv)
Your four strong arms can wield two-handed weapons with a shield.


Message History

The water moccasin barely misses you. x2
You barely miss the water moccasin.
The water moccasin is severely wounded.
You feel very sick. The water moccasin misses you.
You barely miss the water moccasin.
The water moccasin is severely wounded.
You feel very sick.
The water moccasin completely misses you.
The water moccasin misses you.
You barely miss the water moccasin.
The water moccasin is severely wounded.
You feel very sick. The water moccasin misses you.
You sock the water moccasin!
The water moccasin is almost dead.
You feel very sick. The water moccasin misses you.
An acid dragon comes into view.
The water moccasin bites you but does no damage.
You miss the water moccasin.
The water moccasin is almost dead.
You feel sick.
The acid dragon roars!
The water moccasin bites you.
* * * LOW HITPOINT WARNING * * *
You are lethally poisoned!
The water moccasin poisons you!
You hit the water moccasin.
You kill the water moccasin!
* * * LOW HITPOINT WARNING * * *
You feel very sick.
Unknown command.
It was a potion of resistance.
You feel protected.
* * * LOW HITPOINT WARNING * * *
You feel sick. The acid dragon spits acid at you. The splash of acid hits you!
You resist.
You die...

#.# §## #..
○8## #.) §§§
#.# D8
#..##§#
#.##☼§# #
#○##†###○§§§
#§§§@§§○§§§§
#○######§§○§
####.# #
##....#
#..#### #.##
#.# #.# #.##


You could see an acid dragon (catching breath).

Vanquished Creatures
  A water moccasin (D:5)
  2 phantoms (D:4)
  A hound (D:4)
  Jessica (D:2)
  2 orc wizards
  Terence (D:2)
  A gnoll (D:1)
  7 adders
  2 dart slugs
  10 orcs
  6 ball pythons
  6 endoplasms
  6 giant cockroaches
  6 goblins
  5 hobgoblins
  2 jackals (D:2)
  6 quokkas
  7 bats
  5 frilled lizards
  9 kobolds
  9 rats
95 creatures vanquished.

Notes
Turn   | Place    | Note
-------+----------+-------------------------------------------
     0 | D:1      | Dadbod the Formicid Fighter began the quest for the Orb.
     0 | D:1      | Reached XP level 1. HP: 18/18 MP: 1/1
    72 | D:1      | Reached XP level 2. HP: 23/24 MP: 2/2
   332 | D:1      | Reached XP level 3. HP: 8/29 MP: 3/3
   715 | D:2      | Reached skill level 3 in Maces & Flails
   715 | D:2      | Reached XP level 4. HP: 37/37 MP: 4/4
   829 | D:2      | Noticed Terence
   843 | D:2      | Killed Terence
   844 | D:2      | Reached skill level 1 in Throwing
  1117 | D:2      | Reached XP level 5. HP: 42/42 MP: 5/5
  1319 | D:2      | Noticed Jessica
  1324 | D:2      | Killed Jessica
  1542 | D:3      | Identified the +1 leather armour "Zixzef" {Dex+3}
  1641 | D:3      | Found a faded altar of an unknown god.
  1746 | D:3      | Reached skill level 4 in Maces & Flails
  1940 | D:3      | Found a blossoming altar of Fedhas.
  2027 | D:4      | Noticed a phantom
  2051 | D:4      | Killed a phantom
  2052 | D:4      | Reached XP level 6. HP: 40/48 MP: 6/6
  2359 | D:4      | Reached skill level 5 in Maces & Flails
  2359 | D:4      | Reached XP level 7. HP: 51/54 MP: 7/7
  2486 | D:4      | Found a stormy altar of Qazlal.
  2488 | D:4      | Found an ornate altar of the Wu Jian Council.
  2782 | D:5      | Entered Level 5 of the Dungeon
  2833 | D:5      | Noticed a water moccasin
  2858 | D:5      | Noticed an acid dragon
  2860 | D:5      | Killed a water moccasin
  2861 | D:5      | HP: 2/54 [poisoned by a water moccasin]
  2861 | D:5      | Killed from afar by an acid dragon

Illustrated notes

Levels and vault maps discovered:
D:1:      minmay_arrival_split_and_join, layout_rooms
D:2:      layout_basic, uniq_jessica, uniq_terence
D:3:      layout_basic, fedhas_altar_4, shapermc_ecumenical_altar_gd, hex_large
D:4:      layout_basic, minitemple
D:5:      layout_rooms, st_stairs_2, corexii_mini_fake_secret_closet,
          hangedman_decor_push, small_statue_intersection

Skill      XL: |  1  2  3  4  5  6 |
---------------+-------------------+-----
Maces & Flails | 3 4 5 |  5.7
Throwing       | 1 2 |  2.3
Armour         | 4 |  4.5
Fighting       | 4 |  4.1
Dodging        | |  0.7
Stealth        | |  0.2
Shields        | |  4.8

Action                     |  1- 3 |  4- 6 |  7- 9 || total
---------------------------+-------+-------+-------++-------
  Melee: Flail             |    96 |   161 |    80 ||   337
  Throw: Javelin           |       |       |     2 ||     2
    Use: Scroll            |       |     2 |     2 ||     4
         Potion            |       |       |     4 ||     4
 Armour: Scale mail        |    40 |    40 |    29 ||   109
  Dodge: Dodged            |    62 |   107 |    43 ||   212
  Block: Buckler           |    28 |    40 |    19 ||    87
